 Dungeon Crawl Stone Soup version 0.27-a0-1278-g6cbc8dfb29 (webtiles) character file.

Game seed: 6661753404957621137

42 Sabo the Chopper (level 3, -1/27 HPs)
             Began as a Demonspawn Gladiator on June 12, 2021.
             Was a Follower of Ru.
             Slain by an orc (3 damage)
             ... on level 3 of the Dungeon.
             The game lasted 00:12:25 (2626 turns).

Sabo the Chopper (Demonspawn Gladiator)             Turns: 2626, Time: 00:12:26

Health: -1/27      AC:  7    Str: 15    XL:     3   Next: 33%
Magic:  3/3        EV:  6    Int:  9    God:    Ru [*.....]
Gold:   143        SH:  0    Dex: 14    Spells: 2/2 levels left

rFire    . . .     SeeInvis .   a - +0 war axe
rCold    . . .     Faith    .   (no shield)
rNeg     . . .     Spirit   .   k - +0 ring mail
rPois    .         Reflect  .   c - +0 helmet
rElec    .         Harm     .   h - +0 cloak
rCorr    .         Rampage  .   (no gloves)
Will     .....                  (no boots)
Stlth    +.........             (no amulet)
HPRegen  1.09/turn              (no ring)
MPRegen  0.08/turn              (no ring)

@: no status effects
A: powered by death 1, reduced EV 1
a: Renounce Religion


You were on level 3 of the Dungeon.
You worshipped Ru.
Ru was aware of your devotion.
You visited 1 branch of the dungeon, and saw 3 of its levels.

You collected 143 gold pieces.

Inventory:

Hand Weapons
 a - a +0 war axe (weapon)
Missiles
 b - 3 curare-tipped darts
 d - 3 throwing nets (quivered)
 e - 42 stones
 f - 34 sling bullets
 j - 12 bolts
Armour
 c - a +0 helmet (worn)
 h - a +0 cloak (worn)
 k - a +0 ring mail (worn)
Scrolls
 i - a scroll of noise {unknown}
 l - 2 scrolls of blinking
 m - a scroll of fog {unknown}
 o - a scroll of identify {unknown}
Potions
 n - a potion of lignification {unknown}
 p - a potion of brilliance {unknown}


   Skills:
 + Level 2.2 Fighting
 + Level 3.5 Axes
 + Level 1.8 Throwing
 + Level 0.6 Armour
 + Level 3.0 Dodging


You had 2 spell levels left.
You didn't know any spells.
Your spell library contained the following spells:

 Spells                   Type           Power      Damage    Failure   Level
 Magic Dart               Conj           0%         1d3       63%         1
 Blink                    Tloc           N/A        N/A       77%         2
 Call Imp                 Summ           0%         N/A       77%         2
 Slow                     Hex            0%         N/A       77%         2
 Conjure Flame            Conj/Fire      0%         6-21      94%         3
 Mephitic Cloud           Conj/Pois/Air  0%         N/A       94%         3


Dungeon Overview and Level Annotations

Branches:
Dungeon (3/15)

Altars:
Ru


Innate Abilities, Weirdness & Mutations

You regenerate a little health from kills.
You have somewhat slow reflexes. (EV -5)


Message History

There is a stone staircase leading down here.
As you read the scroll labelled HYENTI ONKEOT, it crumbles to dust.
It is a scroll of amnesia.
You feel forgetful for a moment.
You drop a scroll of amnesia.
There is a stone staircase leading down here.
You climb downwards.
There is a stone staircase leading up here.
Found 11 stones.
There is a stone staircase leading up here.
An orc comes into view. It is wielding a +0 flail.
An orc comes into view. It is wielding a +0 club.
The orc shouts!
An orc wizard comes into view. It is wielding a +0 dagger.
The orc wizard shouts!
An orc priest comes into view. It is wielding a +0 dagger.
You hit the orc.
The orc is almost dead.
The orc priest miscasts a cantrip.
The orc barely misses you.
You closely miss the orc.
The orc is almost dead.
The orc wizard gestures wildly while chanting.
The orc wizard flickers and vanishes!
Deactivating autopickup; reactivate with Ctrl-A.
The orc hits you with a +0 flail.
You barely miss the orc.
The orc is almost dead.
You hit the orc. The orc hits you but does no damage.
The orc hits you with a +0 club. The orc hits you with a +0 flail!
You closely miss the orc.
The orc is almost dead.
You slash the orc!
You kill the orc!
The orc priest mumbles some strange prayers to Beogh against you.
Beogh smites you!
Ouch! That really hurt!
* * * LOW HITPOINT WARNING * * *
The orc hits you with a +0 flail.
You die...

..... ..(..
#########.....
.............
...........#
#####.o.........#
#.@o............#
#.#)..#......#
#.##########.#
#.......##
#.#####
######...# #.#...
#...# #<#.####
#...###.......
#...##........
##...##........


You could see an orc priest and an orc.

Vanquished Creatures
  A dart slug (D:1)
  An orc (D:3)
  2 ball pythons
  3 endoplasms (D:1)
  2 giant cockroaches
  A goblin (D:2)
  4 hobgoblins
  4 jackals
  6 bats
  3 frilled lizards (D:1)
  5 kobolds
  8 rats
40 creatures vanquished.

Notes
Turn   | Place    | Note
-------+----------+-------------------------------------------
     0 | D:1      | Sabo the Demonspawn Gladiator began the quest for the Orb.
     0 | D:1      | Reached XP level 1. HP: 16/16 MP: 1/1
   439 | D:1      | Gained mutation: You regenerate a little health from kills.
                  | [demonic ancestry]
   439 | D:1      | Reached XP level 2. HP: 22/22 MP: 2/2
   890 | D:1      | Found a faded altar of an unknown god.
   907 | D:1      | Became a worshipper of Ru the Awakened
  1466 | D:2      | Reached XP level 3. HP: 27/27 MP: 3/3
  1706 | D:2      | Gained mutation: You have somewhat slow reflexes. (EV -5)
                  | [Ru sacrifice]
  1706 | D:2      | Reached * piety under Ru
  2626 | D:3      | Slain by an orc

Illustrated notes

Levels and vault maps discovered:
D:1:      dpeg_arrival_rhombi, layout_basic, hellmonk_ecumenical_altar_lost_god,
          minmay_indecisive_spiral
D:2:      layout_basic, chequers_serial_rivers_large_b, hex_intersection
D:3:      layout_basic, lemuel_coloured_pillars_altar, uniq_ijyb

Skill      XL: |  1  2  3 |
---------------+----------+-----
Axes           | 3 |  3.5
Dodging        | 3 |  3.0
Fighting       | |  2.2
Throwing       | |  1.8
Armour         | |  0.6

Action                   || total
-------------------------++-------
Melee: War axe           ||    87
Invok: Sacrifice Health  ||     1
  Use: Scroll            ||     2
Armor: Leather armour    ||    13
       Ring mail         ||    24
Dodge: Dodged            ||    60

Table legend: (Time is in decaauts)
 A = Elapsed time spent in this place.
 B = Non-inter-level travel time spent in this place.
 C = Inter-level travel time spent in this place.
 D = Time resting spent in this place.
 E = Time spent auto-exploring this place.
 F = Levels seen in this place.
 G = Mean time per level.
                   A        B        C        D        E       F      G
               +--------+--------+--------+--------+--------+-----+--------+
         Total |   2685 |   2685 |      0 |    235 |      0 |   3 |  895.0 |
       Dungeon |   2685 |   2685 |      0 |    235 |      0 |   3 |  895.0 |
               +--------+--------+--------+--------+--------+-----+--------+

Top non-repeatable levels by time:
     D:1: 1405 daAuts
     D:2: 1238 daAuts
     D:3: 41 daAuts
